Map: Ruines de Seras

Players

Worming

  • Race: Zerg Zerg
  • League: Platinum

Jonny - Winner!

  • Race: Zerg Zerg
  • League: Gold

VOD

Have the link to the VOD?

Description

Time

  • Played on: Nov. 11, 2015, 3:04 p.m.
  • Length: 3:50
Show
View Real Time Build Order
Export as new Build Order

Worming Zerg 

Build Orders: Pool First 

Get SALT Encoding   

  12  0:01  Drone  
  13  0:19  Extractor  
  12  0:24  Spawning Pool  
  11  0:29  Drone  
  12  0:37  Drone  
  13  0:44  Overlord  
  13  0:50  Drone  
  14  1:03  Drone x2  
  16  1:14  Queen  
  18  1:23  Metabolic Boost  
  18  1:29  Zergling x2  
  18  1:32  Zergling x2  
  20  1:40  Overlord  
  20  1:46  Zergling x2  
  21  1:56  Zergling x2  
  22  2:07  Zergling x2  
  23  2:17  Zergling x2  
  24  2:29  Zergling x6  
  27  2:36  Zergling x2  
  28  2:41  Hatchery  
  25  3:16  Zergling x8  
  25  3:17  Zergling x2  
  29  3:23  Baneling Nest  
  29  3:26  Overlord  
Show
View Real Time Build Order
Export as new Build Order

Jonny Zerg - Winner!

Build Orders: Hatch First 

Get SALT Encoding   

  12  0:01  Drone  
  13  0:12  Overlord  
  13  0:17  Drone  
  14  0:31  Drone x2  
  14  0:35  Drone  
  17  0:53  Hatchery  
  17  0:55  Drone  
  17  0:58  Drone  
  18  1:09  Extractor  
  17  1:14  Spawning Pool  
  17  1:17  Drone  
  17  1:20  Drone  
  18  1:28  Drone  
  19  1:39  Overlord  
  19  1:51  Drone  
  20  2:02  Queen, Drone  
  20  2:04  Queen  
  20  2:06  Drone  
  26  2:11  Metabolic Boost  
  26  2:13  Drone  
  27  2:19  Extractor  
  26  2:25  Zergling x4  
  28  2:37  Zergling x6  
  31  2:51  Zergling x4  
  31  2:56  Spine Crawler  
  32  3:13  Zergling x8  
  35  3:20  Overlord x3  
Tags
 
Add a new tag
Caveats
  • Supply blocks, unpowered buildings, or Contaminate may cause inaccurate times.
  • Supply counts are checked every 10 seconds.